 Dungeon Crawl Stone Soup version 0.22-a0-109-gbeb7240 (console) character file.

2323 Evablue the Cleaver (level 9, 0/71 HPs)
             Began as a Formicid Fighter on Jan 27, 2018.
             Was a Priest of Okawaru.
             Slain by a manticore (12 damage)
             ... on level 8 of the Dungeon.
             The game lasted 00:09:33 (6802 turns).

Evablue the Cleaver (Formicid Fighter)              Turns: 6802, Time: 00:09:33

Health: 0/71       AC: 11    Str: 25    XL:     9   Next: 69%
Magic:  10/12      EV: 11    Int:  7    God:    Okawaru [***...]
Gold:   442        SH: 13    Dex: 10    Spells: 8/8 levels left

rFire    + . .     SeeInvis +   a - +0 war axe
rCold    . . .     Gourm    .   c - +0 shield
rNeg     + . .     Faith    .   r - +0 chain mail
rPois    .         Spirit   .   (helmet unavailable)
rElec    .         Reflect  .   (no cloak)
rCorr    .         Harm     .   (no gloves)
MR       .....                  (no boots)
Stlth    ..........             v - amulet of regeneration
HPRegen  0.61/turn              l - ring of positive energy
MPRegen  0.13/turn              u - ring of protection from fire

@: heroism
A: permanent stasis, dig shafts and tunnels, four strong arms, antennae 3
a: Dig, Shaft Self, Heroism, Renounce Religion


You were on level 8 of the Dungeon.
You worshipped Okawaru.
Okawaru was most pleased with you.
You were very hungry.

You visited 1 branch of the dungeon, and saw 8 of its levels.

You collected 442 gold pieces.

Inventory:

Hand Weapons
 a - a +0 war axe (weapon)
Armour
 b - a +0 scale mail
 c - a +0 shield (worn)
 r - a +0 chain mail (worn)
Jewellery
 l - a ring of positive energy (left hand)
 u - a ring of protection from fire (right hand)
 v - an amulet of regeneration (around neck)
Wands
 A - a wand of clouds (7)
 C - a wand of digging (6)
Scrolls
 g - 7 scrolls of identify {unknown}
 h - 2 scrolls of enchant weapon {unknown}
 i - 3 scrolls of noise {unknown}
 k - 4 scrolls of magic mapping {unknown}
 m - 2 scrolls of fear {unknown}
 o - a scroll of fog {unknown}
 w - 2 scrolls of remove curse {unknown}
 x - a scroll of immolation {unknown}
 y - 2 scrolls of teleportation {unknown}
 D - a scroll of enchant armour {unknown}
Potions
 d - 4 potions of might
 e - a potion of mutation {unknown}
 j - 2 potions of curing {unknown}
 n - a potion of heal wounds {unknown}
 p - a potion of flight {unknown}
 q - 2 potions of invisibility {unknown}
 s - a potion of haste {unknown}
 t - 2 potions of brilliance {unknown}
 z - a potion of cancellation {unknown}
 B - a potion of agility
Comestibles
 f - 9 rations


   Skills:
 + Level 6.5(11.5) Fighting
 + Level 8.0(13.0) Axes
 + Level 5.6(10.6) Armour
 + Level 2.0(7.0) Dodging
 + Level 7.2(12.2) Shields
 - Level 4.0 Invocations


You had 8 spell levels left.
You didn't know any spells.

Dungeon Overview and Level Annotations

Branches:
Dungeon (8/15)             Temple (0/1) D:4
   Lair: D:8-11

Altars:
Okawaru

Shops:
D:4 :


Innate Abilities, Weirdness & Mutations

You cannot be hasted, slowed, berserked, paralysed or teleported.
You can dig through walls and to a lower floor.
Your four strong arms can wield two-handed weapons with a shield.
You have a pair of large antennae on your head. (SInv)


Message History

The manticore is lightly wounded.
You barely miss the howler monkey.
The howler monkey hoots and howls with incredible vigour!
The manticore closely misses you. You block the manticore's attack.
The manticore barely misses you. The howler monkey hits you.
* * * LOW HITPOINT WARNING * * *
You hear an angry buzzing noise.
You hear a shout!
You hear a bellow!
You hear an angry buzzing noise.
An adder comes into view.
The adder hisses angrily.
You hit the manticore.
The manticore is lightly wounded.
You barely miss the howler monkey. The manticore completely misses you.
The manticore claws you!
* * * LOW HITPOINT WARNING * * *
You block the manticore's attack. The howler monkey hits you.
* * * LOW HITPOINT WARNING * * *
You gain the combat prowess of a mighty hero.
You block the howler monkey's attack. The manticore bites you!
You die...

{ # .# .##
#.#######...
........#.###.#
#..........#
#.{#@#.#.###
#.....h)H.#
#..#..#...#
#.....<...#
..... #...#
..### ..S.. #
#..<## #...#


You could see a manticore, a howler monkey and an adder.

Vanquished Creatures
  Menkaure (D:6)
  Edmund (D:6)
  Duvessa (D:5)
  2 ogres
  2 centaurs (D:6)
  A necrophage (D:6)
  2 bullfrogs
  A gnoll sergeant (D:5)
  Dowan (D:5)
  A scorpion (D:7)
  5 wights (D:6)
  A howler monkey (D:5)
  2 crimson imps
  A centaur zombie (D:5)
  A hound (D:7)
  A jelly (D:5)
  A bullfrog zombie (D:4)
  4 orc priests
  2 orc wizards
  An iguana (D:6)
  6 worker ants
  A hound skeleton (D:5)
  2 howler monkey zombies
  12 adders
  16 gnolls
  2 howler monkey skeletons (D:5)
  2 oozes
  An adder zombie (D:6)
  3 adder skeletons
  3 worms
  3 dart slugs
  8 leopard geckos
  22 orcs
  8 bats
  3 giant cockroaches
  11 goblins
  8 hobgoblins
  8 jackals
  3 quokkas
  5 frilled lizards
  A jackal zombie (D:5)
  6 kobolds
  6 rats
172 creatures vanquished.

Notes
Turn   | Place    | Note
-------+----------+-------------------------------------------
     0 | D:1      | Evablue the Formicid Fighter began the quest for the Orb.
     0 | D:1      | Reached XP level 1. HP: 18/18 MP: 1/1
    49 | D:1      | Reached XP level 2. HP: 24/24 MP: 2/2
   418 | D:1      | Reached XP level 3. HP: 26/29 MP: 3/3
   869 | D:2      | Reached XP level 4. HP: 18/37 MP: 4/4
  1108 | D:2      | Reached skill level 3 in Axes
  1238 | D:2      | Reached XP level 5. HP: 42/42 MP: 5/5
  1281 | D:2      | Found an iron altar of Okawaru.
  1294 | D:2      | Became a worshipper of Warmaster Okawaru
  1968 | D:2      | Found a faded altar of an unknown god.
  2191 | D:3      | Reached XP level 6. HP: 26/48 MP: 6/6
  2197 | D:3      | Reached skill level 4 in Axes
  2197 | D:3      | Reached skill level 1 in Dodging
  2250 | D:3      | Reached * piety under Okawaru
  3281 | D:4      | Found Iptimeas's Book Emporium.
  3292 | D:4      | Reached skill level 5 in Shields
  3292 | D:4      | Reached skill level 1 in Invocations
  3594 | D:4      | Reached XP level 7. HP: 32/55 MP: 7/7
  3902 | D:4      | Found a staircase to the Ecumenical Temple.
  4211 | D:5      | Entered Level 5 of the Dungeon
  4724 | D:5      | Reached skill level 5 in Axes
  4816 | D:5      | Noticed Dowan
  4818 | D:5      | Noticed Duvessa
  4829 | D:5      | Killed Duvessa
  4829 | D:5      | Reached XP level 8. HP: 61/61 MP: 9/9
  4847 | D:5      | Killed Dowan
  4935 | D:5      | Reached skill level 5 in Fighting
  5425 | D:6      | Reached skill level 6 in Axes
  5453 | D:6      | Reached ** piety under Okawaru
  5462 | D:6      | Reached skill level 5 in Armour
  5522 | D:6      | Noticed Menkaure
  5523 | D:6      | Noticed Edmund
  5532 | D:6      | Killed Menkaure
  5537 | D:6      | Killed Edmund
  5537 | D:6      | Reached XP level 9. HP: 36/69 MP: 8/12
  5706 | D:6      | Reached skill level 7 in Axes
  6472 | D:7      | Reached *** piety under Okawaru
  6796 | D:8      | Noticed a manticore
  6799 | D:8      | Reached skill level 8 in Axes
  6802 | D:8      | Slain by a manticore

Vault maps used:
D:1:      zelgadis_glass_arrival_small, eino_curves_02
D:2:      chequers_ecumenical_altar_simple, okawaru_metal_pillars_3
D:3:      first_ration
D:4:      cheibrodos_pilgrimage, minmay_temple_entry_hall, serial_shops, shop
D:5:      minmay_diamond_boxcup, uniq_duvessa
D:6:      wad_pebble_path, serial_bayou_pond_b, kennysheep_diamond, uniq_edmund,
          uniq_menkaure
D:8:      kennysheep_little_box

Skill      XL: |  1  2  3  4  5  6  7  8  9 |
---------------+----------------------------+-----
Shields        | 4 5 6 7 |  7.2
Axes           | 3 4 5 6 8 |  8.0
Fighting       | 4 5 6 |  6.5
Armour         | 4 5 |  5.6
Dodging        | 1 2 |  2.0
Invocations    | 1 2 4 |  4.0

Action                   |  1- 3 |  4- 6 |  7- 9 || total
-------------------------+-------+-------+-------++-------
Melee: War axe           |   106 |   255 |   334 ||   695
Invok: Heroism           |       |       |     2 ||     2
 Abil: Dig               |     1 |     1 |       ||     2
  Eat: Chunk             |       |     9 |    10 ||    19
Armor: Scale mail        |    43 |    81 |       ||   124
       Chain mail        |       |    29 |   126 ||   155
Dodge: Dodged            |    46 |    88 |   103 ||   237
Block: Shield            |    54 |   156 |   201 ||   411

Table legend:
 A = Spawn XP
 B = Non-spawn XP
 C = Spawn XP percentage of total XP
 D = Spawn monster count
 E = Non-spawn monster count
 F = Spawn count percentage of total count
 G = Total turns spent on level
                    A         B        C        D         E        F      G
               +---------+---------+-------+---------+---------+-------+---------
         Total |       0 |    3319 |   0.0 |       0 |     172 |   0.0 |  6802
               +---------+---------+-------+---------+---------+-------+---------
           D:1 |       0 |      49 |   0.0 |       0 |      22 |   0.0 |   838
           D:2 |       0 |     186 |   0.0 |       0 |      30 |   0.0 |  1308
           D:3 |       0 |     166 |   0.0 |       0 |      30 |   0.0 |   907
           D:4 |       0 |     171 |   0.0 |       0 |      15 |   0.0 |  1312
           D:5 |       0 |     765 |   0.0 |       0 |      33 |   0.0 |   997
           D:6 |       0 |    1150 |   0.0 |       0 |      14 |   0.0 |   735
           D:7 |       0 |     711 |   0.0 |       0 |      27 |   0.0 |   697
           D:8 |       0 |     121 |   0.0 |       0 |       1 |   0.0 |     8
               +---------+---------+-------+---------+---------+-------+---------
